 Dungeon Crawl Stone Soup version 0.28-a0-1152-g9c71ebef14 (webtiles) character file.

Game seed: 13300249464145786390

3857 ducksouse the Digger (level 10, -1/59 HPs)
             Began as an Octopode Earth Elementalist on Dec 15, 2021.
             Was a Follower of Vehumet.
             Succumbed to a kobold brigand's curare-tipped dart
             ... on level 8 of the Dungeon.
             The game lasted 00:56:57 (8759 turns).

ducksouse the Digger (Octopode Earth Elementalist)  Turns: 8759, Time: 00:56:57

Health: -1/59      AC:  5    Str:  7    XL:     10   Next: 18%
Magic:  20/20      EV: 14    Int: 23    God:    Vehumet [*.....]
Gold:   367        SH:  0    Dex: 16    Spells: 5/22 levels left

rFire   + . .      SeeInvis .   o - staff of conjuration
rCold   . . .      Faith    .   (no shield)
rNeg    . . .      Spirit   .   (helmet restricted)
rPois   .          Reflect  .   f - amulet of magic regeneration
rElec   .          Harm     .   e - +4 ring of protection
rCorr   +          Rampage  .   j - ring of resist corrosion
Will    .....                   t - +6 ring of intelligence
Stlth   ++........              E - ring of protection from fire
HPRegen 0.19/turn               h - ring of flight
MPRegen 0.57/turn               (no ring)
                                (no ring)
                                (no ring)

@: confused, lethally poisoned (-1 -> -31), ambrosia-drunk, attractive, flying,
slowed, very slow
A: almost no armour, amphibious, 8 rings, camouflage 1, gelatinous body 1,
(nimble swimmer 1), tentacles, tentacle spike 1, dopey 1
a: Renounce Religion


You were on level 8 of the Dungeon.
You worshipped Vehumet.
Vehumet was aware of your devotion.
You visited 2 branches of the dungeon, and saw 9 of its levels.
You also visited: Sewer.

You collected 367 gold pieces.

Inventory:

Hand Weapons
 l - a +1 hand axe of flaming
 m - a +0 whip
 s - a +3 dagger of freezing
 A - a +3 long sword
Missiles
 a - 3 throwing nets
 k - 8 large rocks
 r - 167 stones
Armour
 x - a +1 troll leather armour {Pargi}
Magical Staves
 o - a staff of conjuration (weapon)
 y - a staff of air
Jewellery
 e - a +4 ring of protection (left tentacle)
 f - an amulet of magic regeneration (around mantle)
 h - a ring of flight (on tentacle)
 j - a ring of resist corrosion (right tentacle)
 t - a +6 ring of intelligence (on tentacle)
 E - a ring of protection from fire (on tentacle)
Scrolls
 b - a scroll of vulnerability
 c - 4 scrolls of amnesia
 g - 5 scrolls of teleportation
 i - a scroll of holy word
 q - a scroll of brand weapon {unknown}
 z - a scroll of noise {unknown}
 C - a scroll of fog
 G - 3 scrolls of magic mapping {unknown}
Potions
 d - a potion of haste
 p - a potion of heal wounds {unknown}
 u - a potion of berserk rage {unknown}
 D - a potion of might {unknown}
 F - a potion of invisibility {unknown}
 I - a potion of lignification {unknown}


   Skills:
 + Level 1.6 Fighting
 + Level 2.4 Staves
 + Level 3.8 Dodging
 + Level 4.7 Stealth
 - Level 0.2 Unarmed Combat
 + Level 6.6 Spellcasting
 + Level 2.7 Conjurations
 * Level 5.0 Summonings
 + Level 1.0 Transmutations
 + Level 0.2 Fire Magic
 * Level 5.4 Ice Magic
 + Level 1.0 Air Magic
 * Level 7.8 Earth Magic
 + Level 2.4 Poison Magic


You had 5 spell levels left.
You knew the following spells:

 Your Spells              Type           Power      Damage    Failure   Level
a - Sandblast             Erth           86%        2d18      1%          1
b - Passwall              Tmut/Erth      22%        N/A       1%          2
c - Stone Arrow           Conj/Erth      94%        3d12      2%          3
d - Call Canine Familiar  Summ           31%        N/A       3%          3
e - Freeze                Ice            100%       1d11      1%          1
f - Petrify               Tmut/Erth      27%        N/A       13%         4
g - Poisonous Vapours     Pois/Air       30%        N/A       6%          2
h - Foxfire               Conj/Fire      84%        2x1d8     4%          1

Your spell library contained the following spells:

 Spells                   Type           Power      Damage    Failure   Level
 Magic Dart               Conj           100%       1d8       2%          1
 Frozen Ramparts          Ice            64%        1d8       2%          3
 Shock                    Conj/Air       96%        1d9       3%          1
 Sting                    Tmut/Pois      60%        1d6       4%          1
 Searing Ray              Conj           60%        2d6       4%          2
 Hailstorm                Conj/Ice       39%        3d9       14%         4
 Swiftness                Air            12%        N/A       16%         3
 Leda's Liquefaction      Hex/Erth       12%        N/A       16%         4
 Portal Projectile        Hex/Tloc       14%        N/A       24%         3
 Tukima's Dance           Hex            7%         N/A       24%         3
 Olgreb's Toxic Radiance  Pois           18%        N/A       28%         4
 Fulminant Prism          Conj/Hex       10%        3d9       41%         4
 Airstrike                Air            6%         N/A       45%         4
 Freezing Cloud           Conj/Ice/Air   16%        6-21      54%         5
 Passage of Golubria      Tloc           7%         N/A       63%         4
 Yara's Violent Unravell  Hex/Tmut       5%         3d4       87%         5
 Simulacrum               Ice/Necr       10%        N/A       99%         6
 Polar Vortex             Ice            16%        N/A       100%        9


Dungeon Overview and Level Annotations

Branches:
Dungeon (8/15)             Temple (1/1) D:7           Sewer (visited)
   Lair: D:8-11

Altars:
Ashenzari
Cheibriados
Dithmenos
Elyvilon
Fedhas
Gozag
Hepliaklqana
Kikubaaqudgha
Makhleb
Nemelex Xobeh
Okawaru
Qazlal
Ru
Sif Muna
Trog
Uskayaw
Vehumet
Wu Jian
Xom
Yredelemnul
The Shining One

Shops:
D:2 (   D:7 (


Innate Abilities, Weirdness & Mutations

You cannot wear most types of armour.
You are amphibious.
You can wear up to eight rings at the same time.
Your skin changes colour to match your surroundings (Stealth+).
Your rubbery body absorbs attacks. (AC +1, EV +1)
((You are camouflaged near water. (Stealth+)))
You have tentacles for arms and can constrict up to eight enemies at once.
One of your tentacles bears a spike.
You are dopey. (Int -2)


Message History

Your extra speed is starting to run out.
There is a stone staircase leading down here.
You feel yourself slow down.
There is a stone staircase leading up here.
Aiming: Stone Arrow (dangerous; 2% risk of failure)
Press: ? - help, Q - select action, (/) - cycle Shift-Dir - straight line, f - orc
Aim: an orc, wielding a +3 mace of draining (76% to hit)
You feel a surge of power!
The stone arrow hits the orc!!
You kill the orc!
Vehumet accepts your kill.
You start resting.
A kobold brigand is nearby!
Aiming: Stone Arrow (dangerous; 2% risk of failure)
Press: ? - help, Q - select action, (/) - cycle Shift-Dir - straight line, f - kobold brigand
Aim: a kobold brigand, wielding a +0 dagger and quivering curare-tipped darts (70% to hit)
You feel a surge of power!
The stone arrow hits the kobold brigand!
The kobold brigand is heavily wounded.
The kobold brigand throws a curare-tipped dart.
The curare-tipped dart hits you.
You are lethally poisoned!
You have difficulty breathing.
* * * LOW HITPOINT WARNING * * *
You feel yourself slow down.
You are confused.
You feel invigorated.
* * * LOW HITPOINT WARNING * * *
You feel very sick.
The kobold brigand throws a curare-tipped dart.
The curare-tipped dart hits you.
You are more poisoned.
You have difficulty breathing.
* * * LOW HITPOINT WARNING * * *
You feel as though you will be slow longer.
You're too confused to cast spells.
Unknown command.
You're too confused to cast spells.
It was a potion of attraction.
You feel attractive to monsters.
You die...

#########
#......@# ######
#.#.K.### .....#
#.#)#.# #.##.#
#.#.#.#
#.##.#####.#.#.###
#.......##.#.#...#
####.##.##.#.###.#
(.o.............>#
####.##.##.#.#####


You could see a kobold brigand.

Vanquished Creatures
  Harold (D:8)
  Psyche (D:8)
  A troll (D:7)
  Eustachio (D:6)
  Pargi (Sewer)
  A hornet zombie (D:8)
  3 ogres
  An ice beast (D:7)
  A necrophage (D:6)
  A phantom (D:6)
  3 kobold brigands
  A wyvern zombie (D:6)
  A scorpion (D:4)
  3 bullfrogs (D:7)
  4 gnoll sergeants (D:7)
  A water moccasin skeleton (D:5)
  A jelly (D:5)
  8 hounds
  4 iguanas
  3 bullfrog skeletons
  2 gnoll shamans
  An orc wizard (D:7)
  Robin (D:3)
  19 gnolls
  5 adders
  A shadow imp (D:6)
  A white imp (D:6)
  A worm (D:2)
  3 dart slugs
  6 orcs
  9 bats
  9 endoplasms
  4 giant cockroaches
  12 hobgoblins
  9 jackals
  5 quokkas
  7 ball pythons
  9 frilled lizards
  12 goblins
  20 kobolds
  7 rats
184 creatures vanquished.

Vanquished Creatures (collateral kills)
  A hornet zombie (D:6)
  A sky beast (D:8)
2 creatures vanquished.

Vanquished Creatures (others)
  10 foxfires
10 creatures vanquished.

Grand Total: 196 creatures vanquished

Notes
Turn   | Place    | Note
-------+----------+-------------------------------------------
     0 | D:1      | ducksouse the Octopode Earth Elementalist began the quest
                  | for the Orb.
     0 | D:1      | Reached XP level 1. HP: 11/11 MP: 3/3
   103 | D:1      | Reached XP level 2. HP: 17/17 MP: 0/5
   522 | D:1      | Reached XP level 3. HP: 19/21 MP: 3/6
   564 | D:1      | Learned a level 2 spell: Passwall
   568 | D:1      | Learned a level 3 spell: Stone Arrow
  1135 | D:2      | Found a blossoming altar of Fedhas.
  1362 | D:2      | Found Ylyikitza's Weapon Boutique.
  1397 | D:2      | Reached XP level 4. HP: 18/27 MP: 6/8
  1693 | D:3      | Found a faded altar of an unknown god.
  1774 | D:3      | Noticed Robin
  2221 | D:2      | Learned a level 3 spell: Call Canine Familiar
  2362 | D:3      | Killed Robin
  2363 | D:3      | Reached skill level 1 in Summonings
  2492 | D:3      | Found a faded altar of an unknown god.
  2497 | D:3      | Reached XP level 5. HP: 29/31 MP: 9/9
  2528 | D:3      | Found a shimmering altar of Xom.
  2636 | D:3      | Learned a level 1 spell: Freeze
  2974 | D:4      | Reached skill level 1 in Ice Magic
  2974 | D:4      | Reached skill level 4 in Earth Magic
  3103 | D:4      | Found a glowing drain.
  3125 | Sewer    | Entered a sewer
  3169 | Sewer    | Noticed Pargi
  3178 | Sewer    | Killed Pargi
  3179 | Sewer    | Reached XP level 6. HP: 33/37 MP: 4/11
  3220 | Sewer    | Identified the +1 robe of Miracles {rPois rC+ Regen+ Dex+3}
  3895 | D:4      | Reached skill level 1 in Staves
  4017 | D:5      | Entered Level 5 of the Dungeon
  4247 | D:5      | Reached XP level 7. HP: 42/42 MP: 9/12
  4613 | D:5      | Learned a level 4 spell: Petrify
  4993 | D:5      | Reached skill level 5 in Earth Magic
  4993 | D:5      | Reached XP level 8. HP: 37/47 MP: 12/14
  5937 | D:6      | Reached skill level 1 in Fighting
  5937 | D:6      | Reached skill level 6 in Earth Magic
  5937 | D:6      | Noticed Eustachio
  5993 | D:6      | Reached skill level 5 in Spellcasting
  6262 | D:6      | Reached skill level 1 in Conjurations
  6417 | D:6      | Killed Eustachio
  6696 | D:7      | Reached XP level 9. HP: 53/53 MP: 5/17
  6722 | D:7      | Gained mutation: One of your tentacles bears a spike.
                  | [potion of mutation]
  6728 | D:7      | Lost mutation: One of your tentacles bears a spike. [potion
                  | of mutation]
  6728 | D:7      | Gained mutation: You are dopey. (Int -2) [potion of
                  | mutation]
  6728 | D:7      | Gained mutation: One of your tentacles bears a spike.
                  | [potion of mutation]
  6756 | D:7      | Found a staircase to the Ecumenical Temple.
  6792 | D:7      | Found Jimuig's Antique Weapon Shoppe.
  6807 | Temple   | Entered the Ecumenical Temple
  7357 | Temple   | Became a worshipper of Vehumet
  7361 | Temple   | Learned a level 2 spell: Poisonous Vapours
  7529 | D:7      | Reached skill level 7 in Earth Magic
  7662 | D:7      | Reached * piety under Vehumet
  7662 | D:7      | Offered knowledge of Foxfire by Vehumet.
  7776 | D:7      | Learned a level 1 spell: Foxfire
  8132 | D:7      | Noticed a troll
  8141 | D:7      | Killed a troll
  8404 | D:8      | Reached skill level 1 in Poison Magic
  8514 | D:8      | Noticed Harold
  8534 | D:8      | Killed Harold
  8535 | D:8      | Reached skill level 5 in Ice Magic
  8535 | D:8      | Reached XP level 10. HP: 37/59 MP: 7/19
  8564 | D:8      | Noticed Psyche
  8657 | D:8      | Killed Psyche
  8658 | D:8      | Reached skill level 5 in Summonings
  8658 | D:8      | Reached skill level 1 in Air Magic
  8758 | D:8      | HP: 2/59 [asphyx]
  8759 | D:8      | Succumbed to a kobold brigand's curare-tipped dart

Illustrated notes

Levels and vault maps discovered:
D:1:      minmay_arrival_four_circles, layout_basic
D:2:      layout_basic, basic_altar, serial_shops,
          nicolae_shop_bloodbath_and_beyond
D:3:      layout_rooms, nicolae_overflow_ecumenical_swirl,
          basic_ecumenical_altar, uniq_robin
D:4:      layout_loops_cross, cheibrodos_sewer_entry_drain, serial_forest,
          infiniplex_forest_lined_4_way, infiniplex_forest_pool,
          infiniplex_forest_lined_room_2, infiniplex_forest_clump_small,
          infiniplex_forest_straight_1, infiniplex_forest_corner_2,
          infiniplex_forest_straight_2
D:5:      layout_cave_pools
D:6:      layout_gridville, lemuel_flamethrower_2, uniq_eustachio
D:7:      layout_cave_pools, minmay_temple_entry_mist, serial_gnoll_camp,
          gnoll_camp_huts_basic, gnoll_camp_mini_house, gnoll_camp_mini_basic,
          gnoll_camp_mini_doghouse, serial_shops, shop_statue
D:8:      layout_basic, uniq_harold, uniq_psyche
Temple:   mainiacjoe_temple_cubbyholes

Skill      XL: |  1  2  3  4  5  6  7  8  9 10 |
---------------+-------------------------------+-----
Spellcasting   | 3 4 5 6 |  6.6
Stealth        | 3 4 |  4.7
Summonings     | 1 2 3 4 5 |  5.0
Ice Magic      | 1 2 3 5 |  5.4
Earth Magic    | 4 5 6 7 |  7.8
Dodging        | 3 |  3.8
Staves         | 1 2 |  2.4
Fighting       | 1 |  1.6
Conjurations   | 1 2 |  2.7
Poison Magic   | 2 |  2.4
Air Magic      | 1 |  1.0
Unarmed Combat | |  0.2
Transmutations | |  1.0
Fire Magic     | |  0.2

Action                   |  1- 3 |  4- 6 |  7- 9 | 10-12 || total
-------------------------+-------+-------+-------+-------++-------
Melee: Unarmed           |     3 |       |       |       ||     3
       Tentacles         |     6 |    15 |    12 |     2 ||    35
       Whip              |    26 |     9 |       |       ||    35
       Constrict         |     7 |    28 |    17 |     1 ||    53
       Staff             |       |    92 |    55 |    11 ||   158
       Punch             |       |     1 |       |       ||     1
       Kick              |       |       |    16 |     5 ||    21
 Cast: Sandblast         |    39 |    35 |    54 |       ||   128
       Call Canine Famil |       |     2 |     5 |       ||     7
       Stone Arrow       |       |     1 |    81 |    11 ||    93
       Petrify           |       |       |     1 |     1 ||     2
       Freeze            |       |       |     1 |       ||     1
       Poisonous Vapours |       |       |     8 |       ||     8
       Foxfire           |       |       |     6 |       ||     6
       Passwall          |       |       |     1 |       ||     1
  Use: Potion            |       |     2 |     7 |     3 ||    12
       Scroll            |       |     6 |     9 |       ||    15
 Stab: Sleeping          |     1 |     5 |     2 |       ||     8
       Distracted        |       |       |     1 |       ||     1
       Petrified         |       |       |       |     9 ||     9
Armor: Skin              |    17 |    33 |    37 |     3 ||    90
Dodge: Dodged            |    19 |    98 |    90 |     3 ||   210

Table legend: (Time is in decaauts)
 A = Elapsed time spent in this place.
 B = Non-inter-level travel time spent in this place.
 C = Inter-level travel time spent in this place.
 D = Time resting spent in this place.
 E = Time spent auto-exploring this place.
 F = Levels seen in this place.
 G = Mean time per level.
                   A        B        C        D        E       F      G
               +--------+--------+--------+--------+--------+-----+--------+
         Total |   8782 |   8260 |    522 |   1052 |   3148 |  10 |  878.2 |
       Dungeon |   7866 |   7419 |    447 |    813 |   2830 |   8 |  983.2 |
        Temple |    613 |    538 |     75 |    239 |    278 |   1 |  613.0 |
         Sewer |    302 |    302 |      0 |      0 |     40 |   1 |  302.0 |
               +--------+--------+--------+--------+--------+-----+--------+

Top non-repeatable levels by time:
     D:6: 1391 daAuts
     D:5: 1201 daAuts
     D:2: 1133 daAuts
     D:1: 1133 daAuts
     D:7: 1112 daAuts
     D:4: 781 daAuts
     D:3: 684 daAuts
  Temple: 613 daAuts
     D:8: 426 daAuts
   Sewer: 302 daAuts
